Map: Ulrena

Players

puCK (Nina) - Winner!

  • Race: Protoss Protoss
  • League: Grandmaster

Cham

  • Race: Zerg Zerg

VOD

Have the link to the VOD?

Description

Time

  • Played on: May 22, 2016, 12:29 a.m.
  • Length: 13:16
Show
View Real Time Build Order
Export as new Build Order

puCK Protoss - Winner!

Build Orders: 1 Gate Expand 

Get SALT Encoding   

  12  0:01  Probe (Chrono Boost)  
  13  0:12  Probe (Chrono Boost)  
  14  0:17  Pylon  
  14  0:22  Probe (Chrono Boost)  
  16  0:35  Probe (Chrono Boost)  
  16  0:38  Gateway  
  16  0:45  Assimilator  
  16  0:47  Probe (Chrono Boost)  
  17  0:57  Probe (Chrono Boost)  
  18  1:08  Probe (Chrono Boost)  
  19  1:18  Probe (Chrono Boost)  
  20  1:27  Nexus  
  20  1:31  Probe (Chrono Boost)  
  21  1:38  Cybernetics Core  
  21  1:41  Probe (Chrono Boost)  
  22  1:47  Pylon  
  22  1:52  Probe (Chrono Boost)  
  23  1:56  Assimilator  
  23  2:06  Probe (Chrono Boost)  
  24  2:14  Adept (Chrono Boost)  
  26  2:17  Warp Gate (Chrono Boost), Probe  
  29  2:30  Mothership Core  
  29  2:37  Probe  
  30  2:45  Sentry (Chrono Boost)  
  30  2:48  Probe  
  34  2:51  Probe  
  34  2:53  Gateway  
  34  2:57  Pylon  
  34  2:58  Probe  
  34  3:03  Probe  
  36  3:09  Probe  
  36  3:11  Gateway  
  37  3:13  Pylon  
  37  3:15  Probe, Sentry  
  37  3:19  Probe  
  38  3:23  Pylon  
  39  3:29  Gateway  
  39  3:37  Pylon  
  39  3:41  Gateway  
  39  3:47  Pylon  
  39  4:04  Pylon  
  39  4:06  Pylon  
  39  4:07  Pylon  
  39  4:09  Sentry x2  
  41  4:16  Stalker  
  35  4:33  Stalker x2  
  39  4:42  Sentry  
  35  4:56  Zealot  
  35  4:57  Zealot  
  37  5:07  Stalker  
  39  5:17  Stalker x2  
  43  5:25  Mothership Core  
  39  5:31  Sentry  
  37  5:42  Zealot  
  36  5:45  Zealot  
  33  5:55  Probe  
  34  5:59  Probe  
  35  6:06  Zealot x2  
  35  6:07  Probe  
  35  6:10  Probe  
  37  6:19  Probe  
  37  6:20  Probe  
  37  6:24  Pylon  
  37  6:25  Sentry  
  41  6:31  Probe x2  
  42  6:36  Sentry  
  45  6:42  Probe  
  45  6:43  Probe  
  45  6:45  Adept  
  49  6:52  Probe  
  50  6:59  Sentry  
  50  7:00  Zealot x2  
  56  7:02  Probe  
  56  7:07  Zealot  
  56  7:08  Probe  
  56  7:22  Zealot  
  56  7:29  Sentry  
  55  7:32  Zealot x2  
  58  7:45  Pylon  
  58  7:56  Probe  
  52  8:03  Pylon  
  52  8:06  Zealot  
  54  8:16  Zealot x2  
  52  8:29  Zealot  
  54  8:38  Zealot x2  
  48  8:43  Mothership Core  
  43  8:51  Zealot  
  41  8:55  Zealot  
  41  9:00  Zealot  
  39  9:15  Stalker  
  39  9:16  Zealot  
  37  9:21  Probe  
  37  9:24  Sentry  
  40  9:28  Probe  
  41  9:34  Probe (Chrono Boost)  
  41  9:36  Pylon  
  41  9:37  Sentry  
  44  9:40  Probe (Chrono Boost)  
  44  9:42  Zealot  
  47  9:49  Probe (Chrono Boost)  
  47  9:52  Probe (Chrono Boost)  
  49  9:55  Zealot  
  49  9:59  Sentry  
  49  10:07  Zealot x2  
  53  10:14  Zealot  
  55  10:23  Pylon  
  55  10:24  Zealot  
  55  10:29  Zealot x2  
  59  10:38  Zealot  
  53  10:43  Stalker  
  51  10:50  Pylon, Sentry x2  
  55  11:01  Zealot  
  41  11:11  Stalker  
  43  11:18  Stalker x2  
  43  11:21  Zealot  
  49  11:30  Gateway x2  
  49  11:32  Stalker  
  51  11:38  Zealot  
  51  11:39  Pylon  
  53  11:42  Zealot  
  53  11:43  Sentry  
  57  11:52  Zealot  
  55  11:57  Zealot  
  57  12:05  Zealot  
  59  12:09  Zealot  
  59  12:11  Zealot  
  63  12:15  Assimilator  
  63  12:17  Sentry  
  65  12:26  Adept  
  65  12:27  Adept  
  65  12:28  Sentry  
  71  12:30  Zealot x2  
  73  12:46  Zealot  
  73  12:50  Zealot x3  
  63  13:07  Zealot x3  
Show
View Real Time Build Order
Export as new Build Order

Cham Zerg 

Build Orders: Pool First 

Get SALT Encoding   

  12  0:01  Drone  
  13  0:08  Drone  
  14  0:17  Overlord  
  14  0:36  Drone x3  
  17  0:44  Spawning Pool  
  17  0:49  Drone  
  17  0:58  Extractor  
  17  1:00  Drone  
  17  1:17  Hatchery  
  16  1:22  Drone x2  
  18  1:33  Queen  
  18  1:37  Drone  
  21  1:43  Zergling x2  
  22  1:53  Overlord  
  22  1:57  Metabolic Boost  
  22  2:05  Roach Warren  
  21  2:12  Overlord  
  21  2:45  Roach x2  
  21  2:46  Roach x3  
  21  2:50  Zergling x6  
  34  2:55  Roach  
  34  2:58  Zergling x2  
  36  3:03  Zergling x2  
  37  3:08  Zergling x2  
  38  3:16  Zergling x6  
  38  3:18  Zergling x2  
  38  3:19  Zergling x2  
  43  3:28  Zergling x2  
  43  3:33  Zergling x2  
  44  3:39  Overlord  
  43  3:55  Zergling x2  
  44  4:00  Zergling x2  
  44  4:01  Zergling x4  
  39  4:10  Zergling x4  
  39  4:13  Zergling x2  
  39  4:14  Queen  
  43  4:18  Ravager x2  
  43  4:22  Zergling x2  
  46  4:25  Zergling x2  
  45  4:33  Zergling x4  
  47  4:44  Zergling x2  
  46  4:48  Zergling x2  
  46  4:52  Zergling x2  
  43  4:56  Zergling x2, Queen x2  
  47  5:04  Zergling x2  
  47  5:06  Zergling x2  
  47  5:07  Ravager  
  44  5:18  Zergling x4  
  45  5:27  Zergling x4  
  45  5:28  Ravager  
  45  5:36  Zergling x2  
  45  5:38  Zergling x2  
  45  5:46  Zergling x6  
  45  5:47  Zergling x2  
  44  5:55  Roach  
  44  5:56  Zergling x2  
  34  6:07  Roach  
  34  6:10  Roach  
  38  6:12  Queen  
  38  6:19  Roach  
  38  6:23  Roach  
  41  6:31  Zergling x8  
  45  6:33  Zergling x2  
  45  6:35  Zergling x2  
  45  6:39  Zergling x2  
  48  6:44  Zergling x2  
  49  6:48  Zergling x2  
  49  6:50  Zergling x2  
  51  6:59  Zergling x4  
  49  7:01  Ravager  
  49  7:02  Zergling x2  
  49  7:05  Zergling x2  
  50  7:21  Zergling x2  
  49  7:23  Zergling x4  
  49  7:24  Zergling x2  
  51  7:49  Zergling x2, Roach x2  
  51  7:51  Zergling x2  
  51  7:54  Zergling x2  
  48  7:59  Zergling x2  
  48  8:00  Ravager  
  48  8:02  Zergling x4  
  48  8:18  Zergling x2, Roach  
  49  8:22  Zergling x2, Queen  
  51  8:29  Zergling x2  
  51  8:35  Queen  
  45  8:48  Zergling x4, Roach x2  
  46  8:57  Roach  
  46  8:58  Zergling x2  
  47  9:07  Zergling x2, Roach  
  42  9:18  Roach  
  42  9:24  Zergling x2  
  44  9:30  Zergling x2  
  45  9:32  Zergling x2  
  45  9:38  Zergling x2  
  47  9:44  Zergling x2  
  48  9:48  Zergling x2  
  49  9:59  Zergling x4  
  50  10:01  Ravager  
  49  10:07  Zergling x2, Roach  
  52  10:19  Overlord  
  50  10:32  Zergling x4  
  50  10:33  Ravager  
  50  10:41  Zergling x2, Roach  
  49  10:44  Zergling x2  
  49  10:46  Zergling x2  
  49  10:47  Zergling x2  
  49  10:48  Zergling x2  
  49  10:54  Zergling x2  
  50  11:01  Zergling x2  
  45  11:04  Zergling x2  
  45  11:08  Ravager  
  45  11:10  Zergling x2  
  45  11:12  Queen  
  45  11:16  Zergling x2  
  45  11:18  Zergling x2  
  44  11:28  Zergling x2  
  44  11:29  Zergling x2  
  44  11:32  Ravager  
  47  11:34  Queen  
  47  11:37  Zergling x2  
  49  11:40  Zergling x2  
  50  11:53  Zergling x2  
  45  11:56  Zergling x2  
  45  11:59  Zergling x2  
  45  12:00  Zergling x2  
  45  12:01  Ravager  
  46  12:10  Zergling x4  
  48  12:21  Zergling x2  
  49  12:24  Zergling x2  
  49  12:27  Ravager  
  49  12:29  Zergling x6  
  54  12:31  Zergling x2  
  55  12:39  Zergling x2  
  52  12:47  Zergling x4  
  52  12:48  Zergling x4  
  52  12:49  Zergling x2  
  57  12:57  Zergling x2  
Tags
 
Add a new tag
Caveats
  • Supply blocks, unpowered buildings, or Contaminate may cause inaccurate times.
  • Supply counts are checked every 10 seconds.